 Dungeon Crawl Stone Soup version 0.31-a0-1009-g454b1f1e0a (webtiles) character file.

Game seed: 13425666749687785112

11400 Maratek the Protected (level 11, -8/82 HPs)
             Began as a Demonspawn Fighter on Nov 15, 2023.
             Was a Follower of Hepliaklqana.
             Hit by a large rock thrown by a cyclops (18 damage)
             ... on level 11 of the Dungeon.
             The game lasted 00:24:34 (12617 turns).

Maratek the Protected (Demonspawn Fighter)         Turns: 12617, Time: 00:24:34

Health: -8/82      AC: 17    Str: 25    XL:     11   Next: 48%
Magic:  11/11      EV:  7    Int:  8    God:    Hepliaklqana [*.....]
Gold:   827        SH:  0    Dex: 16    Spells: 10/10 levels left

rFire   + . .        d - +1 scythe (flame)
rCold   + . .        (shield currently unavailable)
rNeg    . . .        c - +1 plate armour
rPois   +            r - +0 helmet
rElec   .            (no cloak)
rCorr   .            (no gloves)
SInv    .            (no boots)
Will    +....        f - amulet of magic regeneration Stlth
                     a - ring of Itoy {rPois rF+}
HPRegen 0.33/turn    z - ring of protection from cold
MPRegen 0.52/turn

%: clarity
@: hasted, very quick
A: reduced essence, thin skeletal structure 2, demonic guardian 2, foul stench
1, clarity, strong-willed 1, poison resistance, strong 1
a: Renounce Religion, Recall Ancestor, Ancestor Identity


You were on level 11 of the Dungeon.
You worshipped Hepliaklqana.
Hepliaklqana was aware of your devotion.
You visited 2 branches of the dungeon, and saw 12 of its levels.
You also visited: Bailey.

You collected 827 gold pieces.

Inventory:

Hand Weapons
 d - a +1 scythe of flaming (weapon)
Armour
 c - a +1 plate armour (worn)
 j - a +0 kite shield
 r - a +0 helmet (worn)
Jewellery
 a - the ring of Itoy (left hand) {rPois rF+}
   (You took it off a gnoll on level 6 of the Dungeon)

   [ring of protection from fire]

   rF+:       It protects you from fire.
   rPois:     It protects you from poison
 f - an amulet of magic regeneration (around neck)
 i - an amulet of the acrobat
 z - a ring of protection from cold (right hand)
Wands
 h - a wand of digging (5)
 o - a wand of paralysis (2)
 q - a wand of iceblast (17)
 t - a wand of flame (47)
 y - a wand of quicksilver (9)
Scrolls
 g - 4 scrolls of revelation
 n - 3 scrolls of fog
 u - a scroll of fear
 w - 2 scrolls of immolation
 A - a scroll of teleportation
 C - a scroll of vulnerability
Potions
 b - 3 potions of mutation
 k - 2 potions of cancellation
 l - 3 potions of attraction
 m - 2 potions of lignification
 s - a potion of might
 v - a potion of invisibility {unknown}
 x - a potion of enlightenment {unknown}
 B - a potion of berserk rage {unknown}


   Skills:
 * Level 10.7 Fighting
 - Level 4.4(7.8) Axes
 + Level 10.0(10.4) Polearms
 * Level 10.7 Armour
 + Level 0.3 Dodging
 + Level 1.3 Stealth
 + Level 3.4 Shields


You had 10 spell levels left.
You didn't know any spells.
Your spell library contained the following spells:

 Spells                   Type           Power      Damage    Failure   Level
 Ensorcelled Hibernation  Hex/Ice        0%         N/A       99%         2
 Jinxbite                 Hex            0%         N/A       99%         2
 Anguish                  Hex/Necr       0%         N/A       100%        4
 Animate Dead             Necr           0%         N/A       100%        4
 Borgnjor's Vile Clutch   Necr/Erth      0%         N/A       100%        5
 Iskenderun's Battlesphe  Conj           0%         2d6       100%        5
 Bombard                  Conj/Erth      0%         9d1       100%        6
 Death Channel            Necr           0%         N/A       100%        6
 Spellforged Servitor     Conj/Summ      0%         N/A       100%        7


Dungeon Overview and Level Annotations

Branches:
Dungeon (11/15)            Temple (1/1) D:7            Lair (0/5) D:10
 Bailey (visited)
    Orc: D:9-12

Altars:
Ashenzari
Cheibriados
Dithmenos
Fedhas
Gozag
Hepliaklqana
Kikubaaqudgha
Makhleb
Nemelex Xobeh
Okawaru
Qazlal
Ru
Sif Muna
Trog
Uskayaw
Vehumet
Wu Jian
Xom
Yredelemnul

Shops:
D:1 (   D:6 :

Annotations:
D:5 1 runed translucent door, Crazy Yiuf


Innate Abilities, Weirdness & Mutations

Your life essence is reduced to manifest your ancestor. (-10% HP)
You have a moderately thin skeletal structure. (Dex +4, Stealth++)
A demonic guardian rushes to your aid.
You may rarely emit foul miasma when damaged in melee.
You possess an exceptional clarity of mind.
You are strong-willed. (Will+)
Your system is resistant to poisons. (rPois)
Your muscles are strong. (Str +4, Int/Dex -1)


Message History

The two-headed ogre hits you with a +0 giant club!!
* * * LOW HITPOINT WARNING * * *
You swap places.
The two-headed ogre hits your orange demon with a +0 giant spiked club!
The two-headed ogre hits your orange demon with a +0 giant club!
Your orange demon stings the two-headed ogre!
Your orange demon hits the two-headed ogre.
Your orange demon stings the two-headed ogre!
The two-headed ogre is poisoned.
Your orange demon poisons the two-headed ogre!
Your orange demon hits the two-headed ogre.
A yak comes into view.
The yak bellows!
A yak comes into view.
The two-headed ogre hits your orange demon with a +0 giant spiked club!!
Your orange demon dies!
Your orange demon disappears in a puff of smoke!
As you read the scroll of teleportation, it crumbles to dust.
You feel strangely unstable.
The yak bellows!
You hear a bellow!
You hear a shout!
You feel yourself speed up.
An orc wizard comes into view. It is wielding a +0 dagger.
The two-headed ogre barely misses you. x2
You barely miss the two-headed ogre.
The two-headed ogre is severely wounded.
The orc wizard shouts!
You barely miss the two-headed ogre.
The two-headed ogre is severely wounded.
You slash the two-headed ogre! You burn the two-headed ogre.
You kill the two-headed ogre!
A yak comes into view.
The orc wizard mumbles some strange words.
The orc wizard flickers and vanishes!
Deactivating autopickup; reactivate with Ctrl-A.
Your life force feels restored.
Your Polearms skill increases to level 10!
Your surroundings suddenly seem different.
The cyclops throws a large rock.
The large rock barely misses you.
The cyclops throws a large rock.
The large rock hits you!!
You die...

## .# .#########.#
.........#.#
.........#.#
#........#.#
...........######
.........@.......
..........#######
.###########...#
.Y{..YY..§C....#
.#############.#####.#
#.......# #.#####.#
...######.....#
........#..##....


You could see a cyclops.

Vanquished Creatures
  A two-headed ogre (D:11)
  A manticore (D:8)
  Joseph (D:7)
  Maggie (D:7)
  A troll (D:10)
  Prince Ribbit (Bailey)
  A hornet (D:9)
  Sigmund (D:2)
  2 yaks (D:9)
  7 humans (Bailey)
  Menkaure (D:7)
  A water moccasin (D:9)
  A sky beast (D:8)
  6 orc warriors
  3 ice beasts
  2 black bears
  An ogre (shapeshifter) (D:10)
  A centaur (D:6)
  3 ogres
  2 phantoms
  A kobold brigand (D:7)
  10 bullfrogs
  2 scorpions
  A gnoll sergeant (D:5)
  6 wights
  2 electric eels (D:8)
  5 howler monkeys
  4 hounds
  4 orc priests
  4 gnoll boudas
  5 iguanas
  4 orc wizards
  A sleepcap (D:4)
  Natasha (thrice) (D:2)
  19 gnolls
  13 adders
  2 shadow imps
  2 white imps
  5 ufetubi
  3 worms
  3 dart slugs
  26 orcs
  7 ball pythons
  9 endoplasms
  2 giant cockroaches
  6 goblins
  18 hobgoblins
  3 jackals (D:1)
  14 kobolds
  4 quokkas
  4 bats
  4 frilled lizards
  6 rats
240 creatures vanquished.

Vanquished Creatures (collateral kills)
  A vault guard (Bailey)
  A troll (D:10)
  A hornet (D:10)
  A yak (D:9)
  An acid dragon (D:10)
  An ogre (D:5)
  A centaur (D:5)
  2 gnoll sergeants (D:6)
  2 wights (D:10)
  A jelly (D:6)
  An orc wizard (D:10)
  9 gnolls
  An adder (D:5)
  6 orcs
  A hobgoblin (D:6)
  A jackal (D:5)
  A kobold (D:6)
  A goblin (Bailey)
  A rat (D:3)
34 creatures vanquished.

Vanquished Creatures (others)
  3 ancestors
  An orc wizard (D:10)
4 creatures vanquished.

Grand Total: 278 creatures vanquished

Notes
Turn   | Place    | Note
-------+----------+-------------------------------------------
     0 | D:1      | Maratek the Demonspawn Fighter began the quest for the Orb.
     0 | D:1      | Reached XP level 1. HP: 18/18 MP: 1/1
   175 | D:1      | Found Plog's Weapon Boutique.
   206 | D:1      | Gained mutation: You have a somewhat thin skeletal
                  | structure. (Dex +2, Stealth+) [demonic ancestry]
   206 | D:1      | Reached XP level 2. HP: 24/24 MP: 2/2
   321 | D:1      | Gained mutation: You may rarely emit foul miasma when
                  | damaged in melee. [demonic ancestry]
   321 | D:1      | Reached XP level 3. HP: 25/29 MP: 3/3
   780 | D:1      | Gained mutation: Your spells are a little easier to cast,
                  | but a little less powerful. [potion of mutation]
   780 | D:1      | Gained mutation: You have sharp toenails. [potion of
                  | mutation]
   781 | D:1      | Lost mutation: Your spells are a little easier to cast, but
                  | a little less powerful. [potion of mutation]
   781 | D:1      | Lost mutation: You have sharp toenails. [potion of
                  | mutation]
   781 | D:1      | Gained mutation: You are robust. (+10% HP) [potion of
                  | mutation]
   781 | D:1      | Gained mutation: You have a pair of small antennae on your
                  | head. [potion of mutation]
   782 | D:1      | Lost mutation: You have a pair of small antennae on your
                  | head. [potion of mutation]
   782 | D:1      | Lost mutation: You are robust. (+10% HP) [potion of
                  | mutation]
   782 | D:1      | Gained mutation: You are dopey. (Int -2) [potion of
                  | mutation]
   782 | D:1      | Gained mutation: Your spells are a little harder to cast,
                  | but a little more powerful. [potion of mutation]
  1035 | D:2      | Noticed Natasha
  1042 | D:2      | Gained mutation: You have a moderately thin skeletal
                  | structure. (Dex +4, Stealth++) [demonic ancestry]
  1042 | D:2      | Reached XP level 4. HP: 25/35 MP: 4/4
  1047 | D:2      | Killed Natasha
  1189 | D:2      | Noticed Sigmund
  1202 | D:2      | Killed Sigmund
  1203 | D:2      | Gained mutation: A weak demonic guardian rushes to your
                  | aid. [demonic ancestry]
  1203 | D:2      | Reached XP level 5. HP: 12/41 MP: 5/5
  1430 | D:2      | Noticed Natasha
  1431 | D:2      | Gained mutation: A demonic guardian rushes to your aid.
                  | [demonic ancestry]
  1431 | D:2      | Reached XP level 6. HP: 47/47 MP: 6/6
  1437 | D:2      | Killed Natasha
  1468 | D:2      | Noticed Natasha
  1479 | D:2      | Killed Natasha
  2051 | D:3      | Found an ornate altar of the Wu Jian Council.
  2279 | D:3      | Reached skill level 1 in Polearms
  2409 | D:3      | Found a broken altar of Ashenzari.
  2461 | D:3      | Found a sparkling altar of Nemelex Xobeh.
  2903 | D:3      | Lost mutation: Your spells are a little harder to cast, but
                  | a little more powerful. [potion of mutation]
  2903 | D:3      | Lost mutation: You are dopey. (Int -2) [potion of mutation]
  2903 | D:3      | Gained mutation: Your system is resistant to poisons.
                  | (rPois) [potion of mutation]
  2903 | D:3      | Gained mutation: Your muscles are strong. (Str +4, Int/Dex
                  | -1) [potion of mutation]
  2903 | D:3      | Gained mutation: You are strong-willed. (Will+) [potion of
                  | mutation]
  2903 | D:3      | Gained mutation: You possess an exceptional clarity of
                  | mind. [potion of mutation]
  2959 | D:4      | Reached XP level 7. HP: 45/53 MP: 7/7
  3515 | D:4      | Reached skill level 5 in Armour
  3656 | D:5      | Entered Level 5 of the Dungeon
  4043 | D:5      | Reached XP level 8. HP: 61/61 MP: 8/8
  4389 | D:5      | Reached skill level 5 in Fighting
  4394 | D:5      | Reached skill level 5 in Polearms
  4399 | D:5      | Reached XP level 9. HP: 16/75 MP: 9/9
  4677 | D:5      | Identified the +11 mace of Untruth {venom, rElec rF+ rC+}
  5012 | D:5      | Found a runed translucent door.
  5013 | D:5      | Noticed Crazy Yiuf
  5438 | D:6      | Found a shimmering blue altar of Sif Muna.
  5461 | D:6      | Identified the ring of Itoy {rPois rF+}
  6052 | D:6      | Reached XP level 10. HP: 83/83 MP: 10/10
  6439 | D:6      | Found Cocloaxke's Book Emporium.
  7243 | D:7      | Noticed Menkaure
  7245 | D:7      | Killed Menkaure
  7268 | D:7      | Found a flagged portal.
  7333 | Bailey   | Entered a bailey
  7987 | Bailey   | Noticed Prince Ribbit
  7987 | Bailey   | Noticed a vault guard
  8004 | Bailey   | Killed Prince Ribbit
  8005 | Bailey   | Reached skill level 1 in Stealth
  8014 | Bailey   | HP: 2/84 [vault guard/+0 broad axe (14)]
  8018 | Bailey   | Killed a vault guard
  8515 | D:7      | Noticed Joseph
  8525 | D:7      | Killed Joseph
  8526 | D:7      | Reached skill level 10 in Fighting
  8826 | D:7      | Found a staircase to the Ecumenical Temple.
  8836 | D:7      | Noticed Maggie
  8847 | D:7      | Killed Maggie
  8848 | D:7      | Reached skill level 10 in Armour
  8848 | D:7      | Reached XP level 11. HP: 72/90 MP: 11/11
  8861 | Temple   | Entered the Ecumenical Temple
  8919 | Temple   | Became a worshipper of Hepliaklqana the Forgotten
  9573 | D:8      | Noticed an ogre mage
  9701 | D:8      | Reached * piety under Hepliaklqana
 10060 | D:9      | Paralysed by a hornet for 3 turns
 10893 | D:10     | Entered Level 10 of the Dungeon
 11310 | D:10     | Found a blossoming altar of Fedhas.
 12238 | D:10     | Found a staircase to the Lair.
 12580 | D:11     | Identified the of Maozunon
 12588 | D:11     | Noticed a two-headed ogre
 12614 | D:11     | Killed a two-headed ogre
 12615 | D:11     | Reached skill level 10 in Polearms
 12617 | D:11     | Hit by a large rock thrown by a cyclops

Illustrated notes

Levels and vault maps discovered:
D:1:      psy_arrival_statuary, layout_loops_ring, serial_shops,
          nicolae_shop_tiny_real_fake_doors, st_stairs_3
D:2:      layout_basic, minmay_tall_x, uniq_natasha, uniq_sigmund
D:3:      kennysheep_big_flooded_room, layout_basic,
          mainiacjoe_overflow_catch_the_wave, zin_academy,
          mainiacjoe_overflow_brackets, reono_crystal_passage
D:4:      layout_cave_pools
D:5:      minmay_chambers_of_threes, layout_loops_ring, minmay_misc_feat_square,
          uniq_crazy_yiuf_cottage
D:6:      kennysheep_housing_project, layout_gridville,
          nicolae_overflow_crystal_walls,
          mainiacjoe_overflow_concentric_impassable, serial_shops,
          nicolae_shop_peninsula
D:7:      layout_loops_ring, minmay_temple_entry_slanted, enter_bailey_8,
          uniq_menkaure, uniq_maggie, uniq_joseph
D:8:      layout_basic, kennysheep_island_fort
D:9:      layout_basic
D:10:     layout_layer_cave, lemuel_round_altar, lair_entry_dummy
D:11:     layout_basic, grunt_ministairs_3
Temple:   regret_index_temple_waves

Skill      XL: |  1  2  3  4  5  6  7  8  9 10 11 |
---------------+----------------------------------+-----
Axes           | 2 4 |  4.4
Shields        | 3 |  3.4
Armour         | 3 4 5 8 10 | 10.7
Polearms       | 2 4 8 9 10 | 10.0
Fighting       | 4 8 9 10 | 10.7
Stealth        | 1 |  1.3
Dodging        | |  0.3

Action                     |  1- 3 |  4- 6 |  7- 9 | 10-12 || total
---------------------------+-------+-------+-------+-------++-------
  Melee: War axe           |   102 |    18 |       |       ||   120
         Halberd           |       |    87 |   261 |   429 ||   777
  Evoke: Wand              |       |       |     1 |     1 ||     2
    Use: Potion            |     3 |     3 |     7 |     5 ||    18
         Scroll            |     2 |     8 |     9 |     4 ||    23
   Stab: Sleeping          |       |     3 |       |       ||     3
         Distracted        |       |       |     2 |     2 ||     4
 Armour: Scale mail        |    60 |    35 |       |       ||    95
         Plate armour      |       |    49 |   309 |   345 ||   703
  Dodge: Dodged            |    50 |    41 |   108 |   117 ||   316
  Block: Buckler           |    29 |     4 |       |       ||    33

Table legend: (Time is in decaauts)
 A = Elapsed time spent in this place.
 B = Non-inter-level travel time spent in this place.
 C = Inter-level travel time spent in this place.
 D = Time resting spent in this place.
 E = Time spent auto-exploring this place.
 F = Levels seen in this place.
 G = Mean time per level.
                   A        B        C        D        E       F      G
               +--------+--------+--------+--------+--------+-----+--------+
         Total |  12696 |  12067 |    629 |   2173 |   7772 |  13 |  976.6 |
       Dungeon |  11610 |  11093 |    517 |   1797 |   7369 |  11 | 1055.5 |
        Temple |    117 |      5 |    112 |      0 |      0 |   1 |  117.0 |
        Bailey |    968 |    968 |      0 |    376 |    403 |   1 |  968.0 |
               +--------+--------+--------+--------+--------+-----+--------+

Top non-repeatable levels by time:
     D:6: 1889 daAuts
    D:10: 1677 daAuts
     D:5: 1515 daAuts
     D:2: 1239 daAuts
     D:9: 1146 daAuts
  Bailey: 968 daAuts
     D:3: 938 daAuts
     D:7: 894 daAuts
     D:1: 857 daAuts
     D:4: 725 daAuts
     D:8: 691 daAuts
  Temple: 117 daAuts
    D:11: 34 daAuts
